 Dungeon Crawl Stone Soup version 0.22.0-38-g04b72b8c25 (webtiles) character file.

569 Hanswurst the Chopper (level 7, -1/61 HPs)
             Began as a Hill Orc Monk on Aug 26, 2018.
             Succumbed to a scorpion's poison
             ... on level 5 of the Dungeon.
             The game lasted 00:37:30 (5671 turns).

Hanswurst the Chopper (Hill Orc Monk)               Turns: 5671, Time: 00:37:30

Health: -1/61      AC: 12    Str: 15    XL:     7   Next: 33%
Magic:  7/7        EV: 11    Int: 10    God:
Gold:   152        SH:  0    Dex: 14    Spells: 6/6 levels left

rFire    . . .     SeeInvis .   a - +0 hand axe
rCold    . . .     Gourm    .   (no shield)
rNeg     . . .     Faith    .   y - +0 scale mail
rPois    .         Spirit   .   t - +0 helmet
rElec    .         Reflect  .   (no cloak)
rCorr    .         Harm     .   (no gloves)
MR       .....                  (no boots)
Stlth    +.........             (no amulet)
HPRegen  0.20/turn              m - ring of flight
MPRegen  0.10/turn              s - +4 ring of protection

@: lethally poisoned (-1 -> -19)
A: no striking features
a: Evoke Flight


You were on level 5 of the Dungeon.
You were near starving.

You visited 1 branch of the dungeon, and saw 5 of its levels.

You collected 152 gold pieces.

Inventory:

Hand Weapons
 a - a +0 hand axe (weapon)
 w - a +0 long sword of freezing
Missiles
 h - 3 javelins (quivered)
Armour
 b - a +0 robe
 t - a +0 helmet (worn)
 y - a +0 scale mail (worn)
Jewellery
 m - a ring of flight (left hand)
 s - a +4 ring of protection (right hand)
Wands
 x - a wand of polymorph (10)
Scrolls
 e - a scroll of enchant weapon {unknown}
 g - 3 scrolls of fog {unknown}
 k - 2 scrolls of identify {unknown}
 l - 2 scrolls of magic mapping {unknown}
 n - a scroll of teleportation
 o - a scroll of amnesia {unknown}
 r - 3 scrolls of remove curse {unknown}
 u - a scroll of enchant armour {unknown}
Potions
 d - a potion of degeneration {unknown}
 f - a potion of magic {unknown}
 i - a potion of ambrosia {unknown}
 p - a potion of flight {unknown}
 z - a potion of cancellation {unknown}
Comestibles
 c - 9 rations


   Skills:
 + Level 5.1 Fighting
 + Level 7.4 Axes
 + Level 1.0 Throwing
 + Level 4.1 Armour
 + Level 3.2 Dodging
 + Level 1.7 Stealth
 + Level 0.1 Evocations


You had 6 spell levels left.
You didn't know any spells.
Your spell library was empty.

Dungeon Overview and Level Annotations

Branches:
Dungeon (5/15)
 Temple: D:4-7

Altars:
Ashenzari

Shops:
D:5 *

Annotations:
D:5 3 runed doors, Menkaure; rumpelstilzz's ghost, novice CeFi


Message History

The scorpion barely misses you.
You hit the scorpion but do no damage. The scorpion completely misses you.
The scorpion stings you but does no damage.
You hit the scorpion.
The scorpion is lightly wounded.
The scorpion stings you.
* * * LOW HITPOINT WARNING * * *
You are lethally poisoned!
The scorpion poisons you!
You barely miss the scorpion.
The scorpion is lightly wounded.
* * * LOW HITPOINT WARNING * * *
You feel sick. The scorpion stings you.
* * * LOW HITPOINT WARNING * * *
You are more poisoned.
The scorpion poisons you!
* * * LOW HITPOINT WARNING * * *
You feel sick.
The scorpion stings you but does no damage.
You die...

#...............
#...............
#..............#
##.............#
#............#
#............#
###...s.....##
#####....##
##@### #.# ##.
.# ##


You could see a scorpion.

Vanquished Creatures
  A warg (D:4)
  3 scorpions (D:5)
  An orc wizard (D:5)
  2 iguanas
  A worker ant (D:4)
  A hound zombie (D:5)
  Robin (D:3)
  8 adders
  An ooze (D:1)
  An adder zombie (D:5)
  An adder skeleton (D:5)
  2 worms
  6 dart slugs
  2 leopard geckos (D:2)
  An orc (D:3)
  7 giant cockroaches
  13 goblins
  10 hobgoblins
  6 kobolds
  2 quokkas
  2 ball pythons
  9 bats
  4 frilled lizards
  A leopard gecko skeleton (D:4)
  A quokka skeleton (D:4)
  7 rats
94 creatures vanquished.

Notes
Turn   | Place    | Note
-------+----------+-------------------------------------------
     0 | D:1      | Hanswurst the Hill Orc Monk began the quest for the Orb.
     0 | D:1      | Reached XP level 1. HP: 19/19 MP: 1/1
   434 | D:1      | Reached XP level 2. HP: 24/27 MP: 2/2
   604 | D:1      | Reached XP level 3. HP: 22/33 MP: 3/3
  1025 | D:2      | Reached skill level 5 in Axes
  1047 | D:2      | Reached skill level 1 in Armour
  1119 | D:2      | Reached XP level 4. HP: 38/40 MP: 4/4
  1757 | D:3      | Noticed Robin
  1937 | D:3      | Reached XP level 5. HP: 46/46 MP: 5/5
  2021 | D:3      | Found a shattered altar of Ashenzari.
  2083 | D:3      | Killed Robin
  2224 | D:3      | Reached skill level 6 in Axes
  2275 | D:3      | Found a faded altar of an unknown god.
  2678 | D:4      | Noticed an ogre
  3071 | D:3      | Reached XP level 6. HP: 12/52 MP: 6/6
  4033 | D:5      | Entered Level 5 of the Dungeon
  4073 | D:5      | Reached skill level 7 in Axes
  4301 | D:5      | Found Bete's Assorted Antiques.
  4316 | D:5      | Found a runed gate.
  4319 | D:5      | Found a runed gate.
  4324 | D:5      | Found a runed gate.
  4326 | D:5      | Noticed rumpelstilzz's ghost (novice CeFi)
  4347 | D:5      | Noticed an orc warrior
  4550 | D:5      | Noticed an ice beast
  4623 | D:5      | Noticed Menkaure
  4745 | D:4      | Noticed a warg
  4745 | D:4      | an ogre changed into a warg
  4769 | D:4      | Killed a warg
  4769 | D:4      | Reached skill level 5 in Fighting
  4769 | D:4      | Reached skill level 1 in Throwing
  4769 | D:4      | Reached XP level 7. HP: 40/61 MP: 7/7
  5669 | D:5      | HP: 3/61 [scorpion (3)]
  5670 | D:5      | HP: 1/61 [poisoned by a scorpion]
  5671 | D:5      | Succumbed to a scorpion's poison

Skill      XL: |  1  2  3  4  5  6 |
---------------+-------------------+-----
Fighting       | 4 5 |  5.1
Axes           | 5 6 7 |  7.4
Armour         | 1 2 4 |  4.1
Dodging        | 3 |  3.2
Throwing       | 1 |  1.0
Stealth        | |  1.7
Evocations     | |  0.1

Action                   |  1- 3 |  4- 6 |  7- 9 || total
-------------------------+-------+-------+-------++-------
Melee: Hand axe          |   137 |   267 |    50 ||   454
Throw: Javelin           |     3 |    14 |     1 ||    18
Evoke: Wand              |       |     4 |       ||     4
  Use: Potion            |       |       |     4 ||     4
       Scroll            |       |       |     2 ||     2
  Eat: Chunk             |       |     8 |     2 ||    10
       Ration            |       |     1 |       ||     1
Armor: Scale mail        |    52 |   143 |    17 ||   212
       Robe              |     4 |       |       ||     4
Dodge: Dodged            |    83 |   126 |    35 ||   244
